 Dungeon Crawl Stone Soup version 0.19-a0-994-g3c636f0 (webtiles) character file.

6 4thArraOfDagon the Gusty (level 1, -1/16 HPs)
             Began as a Troll Air Elementalist on July 15, 2016.
             Slain by a phantom (4 damage)
             ... on level 4 of the Dungeon.
             The game lasted 00:01:02 (133 turns).

4thArraOfDagon the Gusty (Troll Air Elementalist)    Turns: 133, Time: 00:01:03

Health: -1/16      AC:  5    Str: 15    XL:     1   Next: 75%
Magic:  1/1        EV: 15    Int: 11    God:
Gold:   24         SH:  0    Dex: 15    Spells: 1 memorised, 1 level left

rFire  . . .     SeeInvis .       - Unarmed
rCold  . . .     Gourm    +     a - +0 robe
rNeg   . . .     Faith    .     (no shield)
rPois  .         Spirit   .     (helmet restricted)
rElec  .         Dismiss  .     (no cloak)
rCorr  .         Reflect  .     (gloves unavailable)
SustAt .         Harm     .     (boots unavailable)
MR     .....                    (no amulet)
Stlth  +++.......               (no ring)
                                (no ring)

@: agile, not resistant to hostile enchantments, fairly stealthy
A: unfitting armour, claws 3, fast metabolism 3, gourmand, regeneration 2,
shaggy fur 1, tough skin 2
a: no special abilities


You were on level 4 of the Dungeon.
You were full.

You visited 1 branch of the dungeon, and saw 4 of its levels.

You collected 24 gold pieces.

Inventory:

Armour
 a - a +0 robe (worn)
Scrolls
 d - a scroll of enchant armour {unknown}
 f - a scroll of identify {unknown}
 g - 2 scrolls of fog
Books
 b - a book of Air

   Spells                             Type                      Level
   a - Shock                          Conjuration/Air              1
   b - Swiftness                      Charms/Air                   2
   c - Repel Missiles                 Charms/Air                   2
   d - Static Discharge               Conjuration/Air              3
   e - Lightning Bolt                 Conjuration/Air              5
Comestibles
 c - 2 bread rations


   Skills:
 - Level 1.5 Dodging
 - Level 1.1 Stealth
 * Level 1.4 Unarmed Combat
 - Level 1.2 Spellcasting
 - Level 0.6 Conjurations
 - Level 2.0 Air Magic


You had one spell level left.
You knew the following spells:

 Your Spells              Type           Power        Failure   Level  Hunger
a - Shock                 Conj/Air       #...         21%         1    ##.....


Dungeon Overview and Level Annotations

Branches:
Dungeon (4/15)
 Temple: D:4-7

Altars:
Ashenzari


Innate Abilities, Weirdness & Mutations

You are too large for most types of armour.
You have claws for hands.
Your metabolism is lightning-fast.
You like to eat raw meat.
You heal very quickly.
You are covered in fur. (AC +1)
You have very tough skin. (AC +2)


Message History

You barely miss the phantom. The phantom hits you.
You closely miss the phantom. The phantom hits you.
You scratch the phantom.
The phantom is lightly damaged.
The phantom hits you.
It was a potion of agility.
You feel agile all of a sudden. The phantom completely misses you.
You claw the phantom!
The phantom is moderately damaged.
The phantom hits you.
* * * LOW HITPOINT WARNING * * *
Unknown command.
You claw the phantom!
The phantom is severely damaged.
The phantom barely misses you.
You closely miss the phantom.
The phantom is severely damaged.
The phantom hits you.
You die...

.....#.....#.....#..#
.....#.....#....o#..#
....
##...##..(.o#..####
....
#...#............#
##.##......o.....# .
#.#....###o.#..##
#.#####.###....#..#
###...###o§....#...#
..#._.#@Wo§......#.#
###...###o...#..##..
#.### ###..#..# . #
####.... #.#.. .#..


You could see a phantom and 3 orcs.

Vanquished Creatures
  An orc (D:4)
  A goblin (D:3)
  A bat (D:1)
  A giant newt (D:1)
  A jackal skeleton (D:4)
  A rat (D:2)
6 creatures vanquished.

Notes
Turn   | Place    | Note
-------+----------+-------------------------------------------
     0 | D:1      | 4thArraOfDagon the Troll Air Elementalist began the quest for the Orb.
     0 | D:1      | Reached XP level 1. HP: 16/16 MP: 1/1
    57 | D:3      | Reached skill level 1 in Unarmed Combat
    88 | D:4      | Found a shattered altar of Ashenzari.
   112 | D:4      | Noticed a phantom
   133 | D:4      | Slain by a phantom

Vault maps used:
D:1:      dpeg_arrival_subterranean_lakeside_camping
D:2:      gammafunk_temple_overflow_claw, overflow_temple_1_default,
          first_bread, uniq_robin
D:3:      marbit_many_paths, nemelex_xobeh_ov_fountains_minmay
D:4:      old_standard_altar, nicolae_ashenzari_panopticon, uniq_grinder

Skill      XL: |  1 |
---------------+----+-----
Unarmed Combat | 1 |  1.4
Dodging        | |  1.5
Stealth        | |  1.1
Spellcasting   | |  1.2
Conjurations   | |  0.6
Air Magic      | |  2.0

Action                   || total
-------------------------++-------
Melee: Unarmed           ||    19
  Use: Scroll            ||     1
       Potion            ||     1
  Eat: Chunk             ||     3
Armor: Robe              ||     8
Dodge: Dodged            ||    11
